 Dungeon Crawl Stone Soup version 0.29-a0-483-g69413ace17 (webtiles) character file.

Game seed: 1814110699005795966

10668 jlumianski the Cleaver (level 11, -10/86 HPs)
             Began as a Demonspawn Fighter on May 25, 2022.
             Was a Priest of Wu Jian.
             Mangled by a two-headed ogre
             ... wielding a +0 giant spiked club
              (14 damage)
             ... on level 12 of the Dungeon.
             The game lasted 00:58:02 (14595 turns).

jlumianski the Cleaver (Demonspawn Fighter)        Turns: 14595, Time: 00:58:05

Health: -10/86     AC: 15    Str: 20    XL:     11   Next: 39%
Magic:  11/11      EV: 10    Int: 11    God:    Wu Jian [***...]
Gold:   663        SH: 10    Dex: 12    Spells: 10/10 levels left

rFire   + . .      SeeInvis .   a - +3 war axe (vorpal)
rCold   . . .      Faith    .   f - +0 kite shield
rNeg    . . .      Spirit   .   u - +1 scale mail {rPois}
rPois   +          Reflect  .   r - +0 helmet
rElec   .          Harm     .   (cloak unavailable)
rCorr   .          Rampage  .   j - +1 pair of gloves
Will    .....                   (no boots)
Stlth   ..........              (no amulet)
HPRegen 0.24/turn               p - ring of protection from fire
MPRegen 0.12/turn               (no ring)

@: no status effects
A: icy blue scales 2, spiny 1, demonic magic 1, weakness stinger 3
a: Renounce Religion, Wall Jump, Serpent's Lash


You were on level 12 of the Dungeon.
You worshipped Wu Jian.
Wu Jian was most pleased with you.
You visited 2 branches of the dungeon, and saw 13 of its levels.
You also visited: Bailey.

You collected 663 gold pieces.

Inventory:

Hand Weapons
 a - a +3 vorpal war axe (weapon)
 l - a +2 war axe
 x - the +2 mace "Luhas" {vorpal, Fly rN+ Int+9 Dex-5}
   (You found it on level 5 of the Dungeon)

   It inflicts extra damage upon your enemies.
   Int:       It affects your intelligence (+9).
   Dex:       It affects your dexterity (-5).
   rN:        It protects you from negative energy.
   Fly:       It grants you flight.
 E - a +2 vorpal hunting sling
Missiles
 h - 18 poisoned darts
 k - 6 silver boomerangs
 m - 13 boomerangs (quivered)
 L - a curare-tipped dart
Armour
 f - a +0 kite shield (worn)
 j - a +1 pair of gloves (worn)
 r - a +0 helmet (worn)
 u - a +1 scale mail of poison resistance (worn)
Magical Staves
 G - a staff of conjuration
Jewellery
 i - a ring of protection from cold
 p - a ring of protection from fire (left hand)
 w - a ring of wizardry
Wands
 z - a wand of charming (14)
 B - a wand of digging (6)
 F - a wand of polymorph (7)
Scrolls
 b - a scroll of poison
 c - a scroll of brand weapon
 e - 2 scrolls of blinking
 q - 2 scrolls of teleportation
 y - a scroll of magic mapping
 D - 3 scrolls of identify
 H - 3 scrolls of fog
 I - 3 scrolls of fear
 J - a scroll of silence
Potions
 d - 3 potions of might
 g - 3 potions of curing
 n - 4 potions of lignification
 o - 2 potions of berserk rage
 s - 2 potions of magic
 t - a potion of attraction
 v - 3 potions of haste
 A - 2 potions of cancellation
 C - a potion of ambrosia
 K - a potion of heal wounds


   Skills:
 + Level 7.9 Fighting
 + Level 10.4 Axes
 + Level 2.2 Throwing
 + Level 7.8 Armour
 + Level 4.9 Dodging
 + Level 1.7 Stealth
 + Level 6.8 Shields


You had 10 spell levels left.
You didn't know any spells.
Your spell library contained the following spells:

 Spells                   Type           Power      Damage    Failure   Level
 Beastly Appendage        Tmut           0%         N/A       93%         1
 Sublimation of Blood     Necr           0%         N/A       98%         2
 Wereblood                Tmut           0%         N/A       98%         2
 Gell's Gravitas          Tloc           0%         N/A       100%        3
 Lesser Beckoning         Tloc           0%         N/A       100%        3
 Spider Form              Tmut/Pois      0%         N/A       100%        3
 Teleport Other           Tloc           0%         N/A       100%        3
 Petrify                  Tmut/Erth      0%         N/A       100%        4
 Irradiate                Conj/Tmut      0%         3d13      100%        5
 Metabolic Englaciation   Hex/Ice        0%         N/A       100%        5
 Statue Form              Tmut/Erth      0%         N/A       100%        6


Dungeon Overview and Level Annotations

Branches:
Dungeon (12/15)            Temple (1/1) D:6            Lair (0/6) D:9
    Orc (0/2) D:9          Bailey (visited)

Altars:
Ashenzari
Cheibriados
Dithmenos
Elyvilon
Fedhas
Gozag
Hepliaklqana
Kikubaaqudgha
Makhleb
Nemelex Xobeh
Okawaru
Qazlal
Ru
Sif Muna
Trog
Uskayaw
Vehumet
Wu Jian
Xom
Yredelemnul
Zin
The Shining One

Shops:
D:4 **

Portals:
Abyss: D:3

Annotations:
D:3 2 transporters, zeratav's ghost, amateur DjCj


Innate Abilities, Weirdness & Mutations

You are mostly covered in icy blue scales. (AC +3)
You are partially covered in sharp spines.
Spells you cast may paralyse adjacent enemies.
You have a sharp stinger which inflicts weakening toxins.


Message History

The two-headed ogre barely misses you.
You barely miss the two-headed ogre.
The two-headed ogre is struck by your spines.
The two-headed ogre hits you with a +0 giant spiked club.
The two-headed ogre hits you with a +0 giant club!
You slash the two-headed ogre! You tail-slap the two-headed ogre!
The two-headed ogre looks weaker.
The two-headed ogre is heavily wounded.
You block the two-headed ogre's attack.
The two-headed ogre hits you with a +0 giant club.
You hit the two-headed ogre.
The two-headed ogre is heavily wounded.
The two-headed ogre attacks as you move away!
The two-headed ogre hits you but does no damage.
You block the two-headed ogre's attack.
Aiming: Wall Jump
Press: ? - help, Dir - move target You repeatedly attack the two-headed ogre from above.
You hit the two-headed ogre.
The two-headed ogre is severely wounded.
You hit the two-headed ogre.
The two-headed ogre is severely wounded.
The two-headed ogre is struck by your spines.
The two-headed ogre barely misses you.
The two-headed ogre hits you but does no damage.
You hit the two-headed ogre.
The two-headed ogre is almost dead.
The two-headed ogre is no longer weakened.
The two-headed ogre is struck by your spines.
The two-headed ogre hits you with a +0 giant spiked club!
* * * LOW HITPOINT WARNING * * *
The two-headed ogre barely misses you.
You spin and attack the two-headed ogre.
You hit the two-headed ogre but do no damage.
The two-headed ogre is almost dead.
The two-headed ogre is struck by your spines.
The two-headed ogre hits you with a +0 giant spiked club!
* * * LOW HITPOINT WARNING * * *
The two-headed ogre hits you with a +0 giant club!
You die...

########.###
#...>....!..
##@###.#####
#.O..(...!..
#..###.#####
#..# .. #..#
## #..# #<.#
##.# #.#


You could see a two-headed ogre.

Vanquished Creatures
  Erica (D:8)
  A two-headed ogre (Bailey)
  A cyclops (D:12)
  Joseph (D:10)
  2 trolls
  Grinder (D:6)
  A shadow (D:11)
  4 yaks (D:11)
  5 spriggans (Bailey)
  A wyvern (D:9)
  2 wraiths (D:11)
  Grum (D:10)
  3 steam dragons
  Edmund (D:5)
  An acid dragon (Bailey)
  2 water moccasins
  7 orc warriors
  3 black bears
  2 sky beasts (D:8)
  7 ogres
  2 ice beasts (D:5)
  A centaur (D:9)
  2 wolves (D:10)
  A phantom (D:4)
  5 bullfrogs
  3 kobold brigands
  A scorpion (D:5)
  14 wights
  14 killer bees
  A howler monkey (D:7)
  3 hounds
  2 jellies
  7 orc priests
  Terence (D:3)
  17 orc wizards
  2 iguanas
  4 gnolls
  5 adders
  2 shadow imps
  A white imp (D:6)
  2 ufetubi
  A worm (D:2)
  3 dart slugs
  60 orcs
  3 bats
  3 endoplasms
  3 giant cockroaches
  12 goblins
  5 hobgoblins
  3 jackals (D:4)
  4 quokkas
  8 ball pythons
  3 frilled lizards
  27 kobolds
  5 rats
277 creatures vanquished.

Vanquished Creatures (others)
  A scorpion (D:5)
  5 fungi
  A plant (D:6)
7 creatures vanquished.

Grand Total: 284 creatures vanquished

Notes
Turn   | Place    | Note
-------+----------+-------------------------------------------
     0 | D:1      | jlumianski the Demonspawn Fighter began the quest for the
                  | Orb.
     0 | D:1      | Reached XP level 1. HP: 18/18 MP: 1/1
   276 | D:1      | Gained mutation: You have a small tail. [demonic ancestry]
   276 | D:1      | Reached XP level 2. HP: 23/24 MP: 2/2
   933 | D:2      | Reached skill level 2 in Axes
  1030 | D:2      | Gained mutation: You are partially covered in icy blue
                  | scales. (AC +2) [demonic ancestry]
  1030 | D:2      | Reached XP level 3. HP: 10/29 MP: 3/3
  1592 | D:2      | Identified the +1 robe "Pimix" {-Tele Harm rElec Will+
                  | Str+3}
  1811 | D:3      | Found a bloodstained altar of Trog.
  1827 | D:3      | Gained mutation: You are partially covered in sharp spines.
                  | [demonic ancestry]
  1827 | D:3      | Reached XP level 4. HP: 34/35 MP: 4/4
  2069 | D:4      | Found Olly's General Store.
  2168 | D:3      | Noticed a small abomination
  2211 | D:3      | Noticed a kobold brigand
  2221 | D:3      | Noticed a toenail golem
  2222 | D:3      | Noticed a small abomination
  2251 | D:3      | Noticed an ogre
  2256 | D:3      | Killed an ogre
  2257 | D:3      | Reached skill level 3 in Axes
  2257 | D:3      | Reached XP level 5. HP: 3/41 MP: 5/5
  2392 | D:3      | Found a transporter.
  2427 | D:3      | Found a one-way gate to the infinite horrors of the Abyss.
  2540 | D:3      | Noticed Terence
  2552 | D:3      | Killed Terence
  2620 | D:3      | Found a faded altar of an unknown god.
  2745 | D:3      | Found a transporter.
  2746 | D:3      | Noticed zeratav's ghost (amateur DjCj)
  3076 | D:4      | Found Juzarieteu's Serpentskin Sales.
  3077 | D:4      | Noticed a water moccasin
  3078 | D:4      | Gained mutation: You are mostly covered in icy blue scales.
                  | (AC +3) [demonic ancestry]
  3078 | D:4      | Reached XP level 6. HP: 48/48 MP: 6/6
  3094 | D:4      | Killed a water moccasin
  3100 | D:4      | Reached skill level 4 in Axes
  3386 | D:4      | Reached skill level 1 in Dodging
  3424 | D:5      | Entered Level 5 of the Dungeon
  3424 | D:5      | Noticed a two-headed ogre
  3525 | D:4      | Gained mutation: You have a tail ending in a sharp stinger.
                  | [demonic ancestry]
  3525 | D:4      | Reached XP level 7. HP: 54/54 MP: 7/7
  3937 | D:5      | Reached skill level 1 in Throwing
  4020 | D:5      | Found a snail-covered altar of Cheibriados.
  4047 | D:5      | Reached skill level 5 in Axes
  4047 | D:5      | Reached skill level 5 in Armour
  4047 | D:5      | Reached skill level 1 in Stealth
  4054 | D:5      | Identified the +2 mace "Luhas" {vorpal, Fly rN+ Int+9
                  | Dex-5}
  4183 | D:5      | Noticed a steam dragon
  4191 | D:5      | Reached XP level 8. HP: 61/61 MP: 8/8
  4358 | D:5      | Found a sacrificial altar of Ru.
  4396 | D:5      | Noticed Edmund
  4409 | D:5      | Killed Edmund
  5028 | D:6      | Reached skill level 6 in Axes
  5380 | D:6      | Noticed a troll
  5392 | D:6      | Killed a troll
  5393 | D:6      | Reached skill level 5 in Fighting
  5393 | D:6      | Reached skill level 5 in Shields
  5822 | D:5      | Gained mutation: You have a sharp stinger which inflicts
                  | weakening toxins. [demonic ancestry]
  5822 | D:5      | Reached XP level 9. HP: 49/66 MP: 9/9
  5983 | D:6      | Found a staircase to the Ecumenical Temple.
  5984 | D:6      | Noticed Grinder
  5994 | Temple   | Entered the Ecumenical Temple
  6065 | Temple   | Became a worshipper of the Wu Jian Council
  6079 | D:6      | Paralysed by Grinder for 2 turns
  6092 | D:6      | Killed Grinder
  6397 | D:6      | Reached skill level 7 in Axes
  6457 | D:6      | Found a hazy altar of Hepliaklqana.
  7495 | D:7      | Reached * piety under Wu Jian
  8508 | D:8      | Reached skill level 8 in Axes
  8952 | D:8      | Noticed Erica
  8970 | D:8      | Killed Erica
  8971 | D:8      | Reached XP level 10. HP: 65/76 MP: 10/10
  9406 | D:9      | Reached ** piety under Wu Jian
  9709 | D:9      | Reached skill level 9 in Axes
  9910 | D:9      | Found a staircase to the Lair.
 10552 | D:9      | Found a staircase to the Orcish Mines.
 10710 | D:9      | Found a sparkling altar of Nemelex Xobeh.
 10800 | D:9      | Found a shimmering blue altar of Sif Muna.
 10800 | D:9      | Found a hide-covered altar of Uskayaw.
 10801 | D:9      | Found a stormy altar of Qazlal.
 10801 | D:9      | Found an ancient bone altar of Kikubaaqudgha.
 10976 | D:10     | Entered Level 10 of the Dungeon
 10989 | D:10     | Reached *** piety under Wu Jian
 11006 | D:10     | Found a flagged portal.
 11076 | Bailey   | Entered a bailey
 11452 | Bailey   | Noticed a two-headed ogre
 11465 | Bailey   | Killed a two-headed ogre
 11677 | Bailey   | Gained mutation: Spells you cast may paralyse adjacent
                  | enemies. [demonic ancestry]
 11677 | Bailey   | Reached XP level 11. HP: 69/84 MP: 11/11
 12427 | D:10     | Noticed Joseph
 12441 | D:10     | Killed Joseph
 12442 | D:10     | Reached skill level 10 in Axes
 13133 | D:10     | Noticed Grum
 13148 | D:10     | Killed Grum
 14579 | D:12     | Noticed a two-headed ogre
 14595 | D:12     | HP: 4/86 [two-headed ogre/+0 giant spiked club (13)]
 14595 | D:12     | Mangled by a two-headed ogre

Illustrated notes

Levels and vault maps discovered:
D:1:      dpeg_arrival_prison, layout_basic
D:2:      layout_rooms
D:3:      layout_rooms, trog_three_pillars_becter, basic_ecumenical_altar,
          gammafunk_ghost_abyssal_escape, grunt_ministairs_10,
          minmay_misc_feat_columns, dreamdust_princess_corridor,
          nicolae_concentric_dashed_squares_mild,
          chequers_serial_rivers_small_a, uniq_terence
D:4:      layout_gridville, serial_shops, nicolae_shop_hallway_stairs,
          guppyfry_shop_venom
D:5:      layout_loops_ring, kennysheep_slug_shrine,
          nicolae_ru_sacrificial_ziggurat, uniq_edmund
D:6:      layout_layer_cave, nicolae_hepliaklqana_hippocampus,
          minmay_temple_entry_waves, corexii_shack, uniq_grinder
D:7:      layout_basic, minmay_misc_feat_square
D:8:      layout_loops_corners, uniq_erica
D:9:      kennysheep_steamy, layout_loops_ring, nemelex_diamond_rough_becter,
          mainiacjoe_overflow_alcove_3, lair_entry_dummy, david_orc_4
D:10:     layout_cave_pods, enter_bailey_5, uniq_joseph, uniq_grum
D:11:     layout_stronghold, chequers_serial_rivers_large_a, evilmike_minifort
D:12:     layout_basic, serial_shops, shop, uniq_jorgrun
Temple:   cyrus_circular_temple

Skill      XL: |  1  2  3  4  5  6  7  8  9 10 11 |
---------------+----------------------------------+-----
Axes           | 2 3 4 5 6 8 9 10 | 10.4
Shields        | 3 4 5 6 |  6.8
Armour         | 3 4 5 7 |  7.8
Fighting       | 4 5 6 7 |  7.9
Dodging        | 1 2 3 4 |  4.9
Throwing       | 1 2 |  2.2
Stealth        | 1 |  1.7

Action                   |  1- 3 |  4- 6 |  7- 9 | 10-12 || total
-------------------------+-------+-------+-------+-------++-------
Melee: War axe           |    97 |    99 |   294 |   283 ||   773
       Tailslap          |     6 |     9 |    40 |    41 ||    96
Throw: Dart              |       |     8 |    15 |       ||    23
       Boomerang         |       |       |     3 |     9 ||    12
Invok: Lunge             |       |       |    17 |    45 ||    62
       Whirlwind         |       |       |     1 |    15 ||    16
 Abil: Wall Jump         |       |       |       |     8 ||     8
  Use: Potion            |       |     3 |     2 |       ||     5
       Scroll            |       |     3 |    17 |     4 ||    24
Armor: Scale mail        |    43 |    55 |   173 |   118 ||   389
Dodge: Dodged            |    37 |    25 |   108 |   109 ||   279
Block: Buckler           |     8 |       |       |       ||     8
       Kite shield       |    31 |    47 |   152 |   133 ||   363

Table legend: (Time is in decaauts)
 A = Elapsed time spent in this place.
 B = Non-inter-level travel time spent in this place.
 C = Inter-level travel time spent in this place.
 D = Time resting spent in this place.
 E = Time spent auto-exploring this place.
 F = Levels seen in this place.
 G = Mean time per level.
                   A        B        C        D        E       F      G
               +--------+--------+--------+--------+--------+-----+--------+
         Total |  14879 |  14638 |    241 |   2602 |   7226 |  14 | 1062.8 |
       Dungeon |  13545 |  13304 |    241 |   1697 |   7226 |  12 | 1128.8 |
        Temple |     80 |     80 |      0 |      0 |      0 |   1 |   80.0 |
        Bailey |   1252 |   1252 |      0 |    905 |      0 |   1 | 1252.0 |
               +--------+--------+--------+--------+--------+-----+--------+

Top non-repeatable levels by time:
     D:6: 2241 daAuts
     D:9: 1767 daAuts
     D:8: 1289 daAuts
     D:5: 1287 daAuts
  Bailey: 1252 daAuts
    D:11: 1223 daAuts
     D:3: 1160 daAuts
     D:2: 997 daAuts
    D:10: 975 daAuts
     D:4: 960 daAuts
     D:7: 814 daAuts
     D:1: 802 daAuts
  Temple: 80 daAuts
    D:12: 26 daAuts
